 Dungeon Crawl Stone Soup version 0.29-a0-1047-g7c58e119a4 (webtiles) character file.

Game seed: 16577355193221216515

16 IdlyInterested the Changer (level 2, -1/22 HPs)
             Began as a Demonspawn Wanderer on Aug 16, 2022.
             Slain by a jackal (3 damage)
             ... on level 1 of the Dungeon.
             The game lasted 00:01:21 (548 turns).

IdlyInterested the Changer (Demonspawn Wanderer)     Turns: 548, Time: 00:01:22

Health: -1/22      AC:  7    Str: 11    XL:     2   Next: 37%
Magic:  5/5        EV:  8    Int: 18    God:
Gold:   23         SH:  4    Dex:  8    Spells: 5/5 levels left

rFire   . . .      SeeInvis .   a - +0 club
rCold   . . .      Faith    .   (no shield)
rNeg    . . .      Spirit   .   c - +0 scale mail
rPois   .          Reflect  .   d - +0 helmet
rElec   .          Harm     .   (no cloak)
rCorr   .          Rampage  .   (no gloves)
Will    .....                   (no boots)
Stlth   ..........              (no amulet)
HPRegen 0.07/turn               (no ring)
MPRegen 0.09/turn               (no ring)

@: no status effects
A: condensation shield
a: no special abilities


You were on level 1 of the Dungeon.
You visited 1 branch of the dungeon, and saw 1 of its levels.

You collected 23 gold pieces.

Inventory:

Hand Weapons
 a - a +0 club (weapon)
Armour
 c - a +0 scale mail (worn)
 d - a +0 helmet (worn)
Potions
 b - a potion of heal wounds
 e - a potion of haste {unknown}


   Skills:
 * Level 2.1 Fighting
 - Level 1.0 Armour
 - Level 2.0 Spellcasting
 + Level 3.8 Transmutations
 - Level 2.0 Evocations


You had 5 spell levels left.
You didn't know any spells.
Your spell library contained the following spells:

 Spells                   Type           Power      Damage    Failure   Level
 Beastly Appendage        Tmut           30%        N/A       22%         1
 Wereblood                Tmut           15%        N/A       34%         2
 Sting                    Tmut/Pois      32%        1d4       45%         1
 Slow                     Hex            4%         N/A       73%         1
 Summon Guardian Golem    Hex/Summ       1%         N/A       97%         3


Dungeon Overview and Level Annotations

Branches:
Dungeon (1/15)

Altars:


Innate Abilities, Weirdness & Mutations

A meltable shield of frost defends you. (SH +4)


Message History

You barely miss the jackal.
The jackal is heavily wounded.
The jackal bites you but does no damage.
The jackal misses you.
You hit the jackal.
The jackal is severely wounded.
The jackal bites you but does no damage.
You barely miss the jackal.
The jackal is severely wounded.
The jackal bites you but does no damage. x2
You hit the jackal but do no damage.
The jackal is severely wounded.
The jackal bites you but does no damage. x2
You closely miss the jackal.
The jackal is severely wounded.
The jackal bites you but does no damage.
The jackal bites you.
You completely miss the jackal.
The jackal is severely wounded.
The jackal bites you but does no damage. x2
You barely miss the jackal.
The jackal is severely wounded.
The jackal bites you but does no damage.
The jackal bites you.
* * * LOW HITPOINT WARNING * * *
You hit the jackal.
You kill the jackal!
The jackal bites you but does no damage.
You closely miss the jackal. You block the jackal's attack.
The jackal bites you but does no damage.
You hit the jackal but do no damage.
The jackal bites you but does no damage.
The jackal barely misses you.
You closely miss the jackal. The jackal completely misses you.
You barely miss the jackal. You block the jackal's attack.
The jackal barely misses you.
You barely miss the jackal. The jackal bites you.
* * * LOW HITPOINT WARNING * * *
The jackal bites you.
You die...

#.....# .....# ..#.# #.#.# #
## #...# #... #...# ##.###
#h..# #####.....#
#h#.#####+##### .....)#J#.#
#@#.#.........# ........#.#
#.#.#.........# .....####.#
#.#.#..⌠...⌠..#
..........######.#.#.........#
.....#####.......#.'....<....+
.....# ###.#####.#.........#
.....# #.....#.#..⌠...⌠..#
.....#+## #######.#.........#
........### #.#.........#


You could see 2 jackals.

Vanquished Creatures
  3 endoplasms (D:1)
  A giant cockroach (D:1)
  4 jackals (D:1)
  A quokka (D:1)
  A bat (D:1)
  A kobold (D:1)
  3 rats (D:1)
14 creatures vanquished.

Notes
Turn   | Place    | Note
-------+----------+-------------------------------------------
     0 | D:1      | IdlyInterested the Demonspawn Wanderer began the quest for
                  | the Orb.
     0 | D:1      | IdlyInterested set off with the following items: a +0 club,
                  | a potion of heal wounds, a +0 scale mail; and the following
                  | spells available to memorise: Beastly Appendage, Wereblood,
                  | Sting, Slow, Summon Guardian Golem.
     0 | D:1      | Reached XP level 1. HP: 15/15 MP: 3/3
   214 | D:1      | Gained mutation: A meltable shield of frost defends you.
                  | (SH +4) [demonic ancestry]
   214 | D:1      | Reached XP level 2. HP: 3/22 MP: 5/5
   548 | D:1      | Slain by a jackal

Illustrated notes

Levels and vault maps discovered:
D:1:      mushboom_english_gardens, layout_basic,
          dreamdust_ecumenical_altar_drowned_temple, serial_shops,
          nicolae_shop_advertising_works [nicolae_subvault_shop_adworks],
          item_on_display_a

Skill      XL: |  1  2 |
---------------+-------+-----
Fighting       | 2 |  2.1
Armour         | |  1.0
Spellcasting   | |  2.0
Transmutations | |  3.8
Evocations     | |  2.0

Action                   || total
-------------------------++-------
Melee: Club              ||    71
Armor: Scale mail        ||    47
Dodge: Dodged            ||    37
Block: Other             ||    11

Table legend: (Time is in decaauts)
 A = Elapsed time spent in this place.
 B = Non-inter-level travel time spent in this place.
 C = Inter-level travel time spent in this place.
 D = Time resting spent in this place.
 E = Time spent auto-exploring this place.
 F = Levels seen in this place.
 G = Mean time per level.
                   A        B        C        D        E       F      G
               +--------+--------+--------+--------+--------+-----+--------+
         Total |    569 |    569 |      0 |    264 |    168 |   1 |  569.0 |
       Dungeon |    569 |    569 |      0 |    264 |    168 |   1 |  569.0 |
               +--------+--------+--------+--------+--------+-----+--------+

Top non-repeatable levels by time:
     D:1: 569 daAuts
